AoeStats
← 文風

MegaRandom

506513803Analyzed
2v2 RM · 18d ago on Sep 13, 2026· 47m 14s· 4 players
Game mode
Random Map
Map size
Medium (4 player)
Population
200
Speed
Normal
Resources
Standard
Victory
Conquest
Starting age
Dark Age
Ending age
Imperial Age
RankedLock teamsTeams togetherTeam positionsShared explorationLock speedFull tech treeHidden civsTurbo modeCheats
Victory
Defeat
🇭🇰 Wei · Hong Kong SAR China
1397
+14
🇨🇴 Inca · Colombia
1309
+17
🇺🇸 Tatars · United States
1359
-16
🇮🇳 Ethiopians · India
1328
-15
Seneca
0:40 Loom
12:40 Feudal Age
15:55 Double-Bit Axe
18:07 Horse Collar
20:30 Castle Age
18:28 Horse Collar
22:44 Scale Barding Armor
23:49 Chain Barding Armor
24:27 Town Watch
24:55 Bloodlines
24:52 Light Cavalry
27:29 Husbandry
27:49 Bow Saw
34:03 Wheelbarrow
33:59 Silk Armor
39:13 Imperial Age
37:16 Padded Archer Armor
38:08 Fletching
38:45 Heavy Plow
39:49 Hussar
41:06 Plate Barding Armor
41:50 Forging
Genghis huns
0:29 Loom
11:29 Feudal Age
15:40 Castle Age
14:40 Double-Bit Axe
17:58 Bow Saw
20:03 Wheelbarrow
21:37 Fletching
22:51 Town Watch
22:47 Crossbowman
24:39 Hand Cart
25:04 Horse Collar
26:06 Bodkin Arrow
27:11 Ballistics
27:17 Thumb Ring
27:25 Gold Mining
28:38 Padded Archer Armor
34:50 Imperial Age
33:30 Leather Archer Armor
34:04 Gold Shaft Mining
35:57 Bracer
35:18 Arbalester
37:04 Chemistry
37:44 Ring Archer Armor
42:25 Elite Skirmisher
43:50 Elite Skirmisher
Lord Mateo08
6:33 Loom
10:11 Feudal Age
10:57 Double-Bit Axe
10:55 Horse Collar
14:44 Town Watch
20:35 Castle Age
19:31 Scale Mail Armor
18:55 Champi Runner
19:33 Gold Mining
19:59 Arson
20:21 Stone Mining
21:45 Bow Saw
21:10 Champi Warrior
22:49 Squires
24:15 Heavy Plow
24:26 Fletching
27:11 Padded Archer Armor
27:19 Crossbowman
30:16 Wheelbarrow
30:54 Gold Shaft Mining
34:30 Imperial Age
32:31 Ballistics
32:29 Bodkin Arrow
32:50 Leather Archer Armor
33:02 Thumb Ring
33:43 Town Patrol
34:12 Hand Cart
34:55 Arbalester
36:05 Bracer
37:08 Chemistry
35:48 Elite Skirmisher
37:25 Siege Engineers
37:42 Conscription
38:21 Ring Archer Armor
40:46 Andean Sling
文風
11:31 Feudal Age
11:04 Loom
11:58 Double-Bit Axe
12:13 Horse Collar
14:11 Gold Mining
15:22 Wheelbarrow
20:05 Castle Age
18:48 Padded Archer Armor
21:11 Heavy Plow
21:24 Bow Saw
22:35 Fletching
23:00 Leather Archer Armor
23:24 Bodkin Arrow
24:39 Husbandry
24:50 Bloodlines
26:07 Ballistics
32:07 Imperial Age
29:40 Stone Mining
31:39 Thumb Ring
33:27 Parthian Tactics
33:13 Bracer
33:47 Ring Archer Armor
37:21 Ming Guang Armor
48:27 Chemistry
Connection lost

Rejoining the realm…

Still unreachable

The connection could not be restored.

Session expired

The server has moved on; the page needs a fresh start.